 Dungeon Crawl Stone Soup version 0.24.0-123-gd5b16e6ec5 (webtiles) character file.

Game seed: 2726734999310135248, levelgen mode: deterministic

14014 Krabbenmonster the Blocker (level 12, -10/72 HPs)
             Began as a Gargoyle Fighter on Dec 30, 2019.
             Was a High Priest of Wu Jian.
             Killed by refrigeration
             ... invoked by Fannar
              (24 damage)
             ... on level 11 of the Dungeon.
             The game lasted 01:14:24 (12118 turns).

Krabbenmonster the Blocker (Gargoyle Fighter)      Turns: 12118, Time: 01:14:27

Health: -10/72     AC: 23    Str: 33    XL:     12   Next: 12%
Magic:  12/12      EV:  6    Int:  3    God:    Wu Jian [*****.]
Gold:   698        SH: 24    Dex:  9    Spells: 11/11 levels left

rFire    . . .     SeeInvis .   l - +1 mace (protect)
rCold    . . .     Gourm    .   G - +3 large shield
rNeg     + + .     Faith    .   H - +0 plate armour
rPois    ∞         Spirit   .   (no helmet)
rElec    +         Reflect  .   (no cloak)
rCorr    +         Harm     .   P - +0 pair of gloves "Farrumar" {+Fly rN+ Int-5} (curse)
MR       .....                  (no boots)
Stlth    ..........             q - amulet of rage
HPRegen  0.22/turn              W - ring of resist corrosion
MPRegen  0.13/turn              V - +2 ring of strength

@: mighty, berserk cooldown, very slightly contaminated, slowed, very slow
A: negative energy resistance 1, electricity resistance, unbreathing,
petrification resistance, rot immunity, AC +8
a: Wall Jump, Serpent's Lash, Heavenly Storm, Renounce Religion, Evoke Berserk
Rage, Evoke Flight


You were on level 11 of the Dungeon.
You worshipped Wu Jian.
Wu Jian was extremely pleased with you.
You were not hungry.

You visited 3 branches of the dungeon, and saw 14 of its levels.
You also visited: Sewer and Ossuary.

You collected 698 gold pieces.

Inventory:

Hand Weapons
 l - a +1 mace of protection (weapon)
 O - a +0 whip of flaming
Missiles
 d - 8 boomerangs
 i - 5 javelins
 A - 4 silver javelins (quivered)
 F - 2 throwing nets
Armour
 G - a +3 large shield (worn)
 H - a +0 plate armour (worn)
 P - the cursed +0 pair of gloves "Farrumar" (worn) {+Fly rN+ Int-5}
   (You found it on level 8 of the Dungeon)

   It affects your intelligence (-5).
   It protects you from negative energy.
   It lets you fly.
   It has a curse placed upon it.
Jewellery
 q - an amulet of rage (around neck)
 Q - an uncursed amulet of the gourmand
 V - a +2 ring of strength (right hand)
 W - a ring of resist corrosion (left hand)
Wands
 y - a wand of digging (8)
 z - a wand of polymorph (5)
 B - a wand of random effects (13)
 N - a wand of iceblast (6)
Scrolls
 b - 8 scrolls of magic mapping
 e - 3 scrolls of vulnerability
 k - 6 scrolls of remove curse
 m - 17 scrolls of teleportation
 o - 7 scrolls of enchant armour
 p - 2 scrolls of blinking
 r - a scroll of noise {unknown}
 v - 5 scrolls of enchant weapon
 w - 4 scrolls of amnesia
 D - 3 scrolls of fear
 E - 6 scrolls of fog
 R - a scroll of random uselessness {unknown}
 S - 2 scrolls of holy word
Potions
 a - a potion of magic {unknown}
 c - a potion of flight {unknown}
 j - 3 potions of haste {unknown}
 n - 2 potions of agility
 s - 2 potions of ambrosia {unknown}
 t - 4 potions of berserk rage {unknown}
 u - 5 potions of curing
 x - 2 potions of brilliance {unknown}
 C - 5 potions of degeneration {unknown}
 I - 3 potions of resistance {unknown}
 J - 2 potions of mutation {unknown}
 K - a potion of invisibility {unknown}
 L - 3 potions of cancellation {unknown}
 U - 2 potions of heal wounds {unknown}
Comestibles
 f - 19 rations
 g - 2 chunks of flesh


   Skills:
 + Level 7.0 Fighting
 * Level 12.6 Maces & Flails
 * Level 6.8 Armour
 - Level 1.1 Dodging
 + Level 13.2 Shields
 - Level 0.4 Evocations


You had 11 spell levels left.
You didn't know any spells.
Your spell library contained the following spells:

 Spells                   Type           Power        Failure   Level  Hunger
 Confusing Touch          Hex            #.....       100%        1    ##.....
 Confuse                  Hex            #.......     100%        3    ####...
 Gell's Gravitas          Tloc           #.........   100%        3    ####...
 Petrify                  Tmut/Erth      #.......     100%        4    #####..
 Metabolic Englaciation   Hex/Ice        #.........   100%        5    ######.
 Yara's Violent Unravell  Hex/Tmut       #.........   100%        5    ######.


Dungeon Overview and Level Annotations

Branches:
Dungeon (12/15)            Temple (1/1) D:6            Lair (1/6) D:11
    Orc (0/2) D:11          Sewer (visited)         Ossuary (visited)

Altars:
Ashenzari
Cheibriados
Dithmenos
Elyvilon
Fedhas
Gozag
Hepliaklqana
Kikubaaqudgha
Makhleb
Nemelex Xobeh
Okawaru
Qazlal
Ru
Sif Muna
Trog
Uskayaw
Vehumet
Wu Jian
Xom
Yredelemnul
Zin
The Shining One
Lugonu

Shops:
D:11 !

Annotations:
D:11 Fannar


Innate Abilities, Weirdness & Mutations

You are resistant to torment.
Your stone body is resilient. (AC +8)
You are immune to poison.
You resist negative energy. (rN+)
You are resistant to electric shocks. (rElec)
You can survive without breathing.
You are immune to petrification.
You are immune to rotting.


Message History

Blink to where?
Press: ? - help, Dir - move target cursor
As you read the scroll of blinking, it crumbles to dust.
You start resting.
Eating one of 3 chunks of flesh.
You eat one of the 3 chunks of flesh.
This raw flesh tastes terrible.
Fannar is too close now for your liking.
You feel very mighty all of a sudden.
You miss Fannar.
Fannar is heavily wounded.
You block Fannar's attack.
You closely miss Fannar.
Fannar is heavily wounded.
You block Fannar's attack.
You miss Fannar.
Fannar is heavily wounded.
You block Fannar's attack.
Fannar mumbles some strange words.
Fannar drains the heat from the surrounding environment!
You feel very cold.
You die...

#.........#..§# ###.....÷# #.
#.......#.#...# #...###§.# #.
........#.#...# #...# ##.# #.
#.......#.#...# #...# #.# #.
#.......#.....# #...# #.# #.
#.......#.....# #...####.#######.
#.......#.....# #.......>........
######.##.....##########..#....#.
#....#....e@.........#....#.
###########..###########..#....#.
............>....................
########################.........
.<....#..............# #.^.......
.........###########.# #.........
.........# #.# #.........
.........# #.# #.........
#.###.##.####### #)# #.........


You could see Fannar.

Vanquished Creatures
  Erica (D:8)
  3 two-headed ogres
  An unseen horror (D:11)
  2 centaur zombies (D:11)
  A spiny frog (Lair:1)
  2 komodo dragons (Lair:1)
  A troll (D:11)
  5 hippogriffs
  Grinder (D:4)
  Sigmund (D:3)
  A wyvern (D:12)
  A wraith (Ossuary)
  6 yaks
  3 hungry ghosts (D:11)
  Menkaure (D:4)
  2 water moccasins
  A porcupine (Lair:1)
  Purgy (Sewer)
  2 acid dragons (D:11)
  4 ice beasts
  A sky beast (D:9)
  2 black bears (D:8)
  2 phantoms
  6 orc warriors
  7 ogres
  6 centaurs
  5 crocodiles
  2 big kobolds
  8 bullfrogs
  3 scorpions
  6 killer bees (D:8)
  An electric eel (Lair:1)
  6 crimson imps
  2 quasits
  A gnoll shaman (D:6)
  3 jellies
  5 orc priests
  Crazy Yiuf (D:4)
  6 hounds
  13 orc wizards
  6 worker ants
  5 iguanas
  A hound zombie (D:9)
  A hound skeleton (D:6)
  A mummy (Ossuary)
  A worker ant zombie (D:7)
  8 gnolls
  21 adders
  A river rat (D:5)
  2 shadow imps
  4 oozes
  2 adder zombies
  An adder skeleton (D:8)
  3 worms
  2 dart slugs
  10 leopard geckos
  48 orcs
  7 bats
  10 giant cockroaches
  9 goblins
  9 hobgoblins
  7 jackals
  7 quokkas
  2 ball pythons
  6 frilled lizards
  5 gnoll skeletons (Ossuary)
  A jackal zombie (D:6)
  19 kobolds
  6 kobold skeletons (Ossuary)
  14 orc skeletons (Ossuary)
  14 rats
359 creatures vanquished.

Notes
Turn   | Place    | Note
-------+----------+-------------------------------------------
     0 | D:1      | Krabbenmonster the Gargoyle Fighter began the quest for the
                  | Orb.
     0 | D:1      | Reached XP level 1. HP: 14/14 MP: 1/1
     2 | D:1      | Noticed a ghoul
     2 | D:1      | Noticed a tengu
     6 | D:1      | Noticed a troll
     6 | D:1      | Noticed a centaur
     8 | D:1      | Noticed a dwarf
     8 | D:1      | Noticed a vine stalker
    10 | D:1      | Noticed an elf
    10 | D:1      | Noticed a minotaur
    28 | D:1      | Noticed a human
    30 | D:1      | Noticed a naga
    34 | D:1      | Noticed a spriggan
    34 | D:1      | Noticed a halfling
    36 | D:1      | Noticed a vampire
    36 | D:1      | Noticed a demonspawn
    38 | D:1      | Noticed a gargoyle
    38 | D:1      | Noticed a felid
    40 | D:1      | Noticed a merfolk
    40 | D:1      | Noticed a formicid
    42 | D:1      | Noticed an octopode
    42 | D:1      | Noticed a draconian
    44 | D:1      | Noticed a demigod
    44 | D:1      | Noticed an ogre
   153 | D:1      | You fall into a shaft and drop 1 floor!
   160 | D:1      | Reached XP level 2. HP: 18/19 MP: 2/2
   646 | D:1      | Reached XP level 3. HP: 20/23 MP: 3/3
  1296 | D:2      | Reached XP level 4. HP: 28/28 MP: 4/4
  1530 | D:3      | Found a faded altar of an unknown god.
  1535 | D:3      | Reached skill level 4 in Shields
  1617 | D:3      | Noticed Sigmund
  1642 | D:3      | Killed Sigmund
  1642 | D:3      | Reached XP level 5. HP: 17/33 MP: 5/5
  1642 | D:3      | Reached XP level 6. HP: 20/38 MP: 6/6
  1905 | D:3      | Reached skill level 5 in Shields
  2004 | D:3      | Noticed Grinder
  2492 | D:3      | Found a basalt altar of Yredelemnul.
  2614 | D:3      | Reached skill level 5 in Maces & Flails
  2614 | D:3      | Reached XP level 7. HP: 36/43 MP: 7/7
  2661 | D:4      | Noticed Menkaure
  2676 | D:4      | Killed Menkaure
  3031 | D:4      | Found a bloodstained altar of Trog.
  3050 | D:4      | Found an iron altar of Okawaru.
  3106 | D:4      | Paralysed by Grinder for 7 turns
  3120 | D:4      | Paralysed by Grinder for 2 turns
  3125 | D:4      | Paralysed by Grinder for 2 turns
  3134 | D:4      | Killed Grinder
  3134 | D:4      | Reached skill level 6 in Shields
  3134 | D:4      | Reached XP level 8. HP: 16/48 MP: 8/8
  3584 | D:4      | Found a hide-covered altar of Uskayaw.
  3584 | D:4      | Found a glowing silver altar of Zin.
  3584 | D:4      | Found a glowing golden altar of the Shining One.
  3584 | D:4      | Found a basalt altar of Yredelemnul.
  3584 | D:4      | Found an ornate altar of the Wu Jian Council.
  3585 | D:4      | Found a shattered altar of Ashenzari.
  3586 | D:4      | Found a white marble altar of Elyvilon.
  3589 | D:4      | Found a shimmering blue altar of Sif Muna.
  3596 | D:4      | Became a worshipper of the Wu Jian Council
  3669 | D:4      | Found a runed translucent door.
  3670 | D:4      | Noticed Crazy Yiuf
  3796 | D:4      | Killed Crazy Yiuf
  3834 | D:5      | Entered Level 5 of the Dungeon
  3834 | D:5      | Found a glowing drain.
  3871 | Sewer    | Entered a sewer
  3922 | Sewer    | Noticed Purgy
  3951 | Sewer    | Killed Purgy
  4315 | D:5      | Found a radiant altar of Vehumet.
  4482 | D:5      | Reached * piety under Wu Jian
  4510 | D:4      | Reached skill level 7 in Shields
  4911 | D:4      | Reached skill level 5 in Armour
  5045 | D:5      | Reached XP level 9. HP: 37/52 MP: 9/9
  5248 | D:5      | Found a sacrificial altar of Ru.
  5248 | D:5      | Found a sparkling altar of Nemelex Xobeh.
  5335 | D:5      | Found a hazy altar of Hepliaklqana.
  5598 | D:6      | Found a staircase to the Ecumenical Temple.
  5648 | D:6      | Found a sand-covered staircase.
  5657 | Ossuary  | Entered an ossuary
  5692 | Ossuary  | Reached ** piety under Wu Jian
  5912 | D:6      | Reached skill level 8 in Shields
  5994 | D:6      | Found a stormy altar of Qazlal.
  6174 | Temple   | Entered the Ecumenical Temple
  6705 | D:6      | Reached *** piety under Wu Jian
  6807 | D:7      | Reached skill level 9 in Shields
  6989 | D:7      | Reached skill level 5 in Fighting
  7362 | D:7      | Reached XP level 10. HP: 35/59 MP: 10/10
  7750 | D:8      | Reached skill level 10 in Shields
  7803 | D:8      | Reached skill level 10 in Maces & Flails
  7819 | D:8      | Got a pair of shimmering gloves
  7839 | D:8      | Identified the cursed +0 pair of gloves "Farrumar" {+Fly
                  | rN+ Int-5} (You found it on level 8 of the Dungeon)
  7960 | D:8      | Noticed Erica
  8014 | D:8      | Killed Erica
  8414 | D:8      | Reached **** piety under Wu Jian
  8736 | D:8      | Reached skill level 11 in Shields
  9030 | D:9      | Found the +7 lajatang of Order {silver, rMut}
  9486 | D:9      | Noticed a two-headed ogre
  9500 | D:9      | Killed a two-headed ogre
  9500 | D:9      | Reached XP level 11. HP: 51/64 MP: 11/11
  9608 | D:10     | Entered Level 10 of the Dungeon
  9794 | D:10     | Found a basalt altar of Yredelemnul.
  9799 | D:10     | Reached ***** piety under Wu Jian
  9845 | D:10     | Noticed a two-headed ogre
  9861 | D:10     | Killed a two-headed ogre
  9970 | D:10     | Reached skill level 12 in Shields
 10066 | D:10     | Found a shimmering altar of Xom.
 10262 | D:11     | Noticed a two-headed ogre
 10277 | D:11     | Killed a two-headed ogre
 10303 | D:11     | Found a staircase to the Lair.
 10532 | D:11     | Paralysed by fainting for 11 turns
 10573 | D:11     | Found a staircase to the Orcish Mines.
 10887 | D:11     | Found a radiant altar of Vehumet.
 10906 | D:11     | Killed an unseen horror
 11080 | D:11     | Found Kitufra's Distillery.
 11313 | Lair:1   | Entered Level 1 of the Lair of Beasts
 11816 | Lair:1   | Reached skill level 13 in Shields
 11816 | Lair:1   | Reached XP level 12. HP: 62/71 MP: 12/12
 11852 | Lair:1   | Noticed Fannar
 11901 | D:11     | Reached skill level 1 in Dodging
 12118 | D:11     | Killed from afar by Fannar

Levels and vault maps discovered:
D:1:      kb_arrival_jail, layout_basic, wander_ebering_terrifying_dragon_lair
D:2:      layout_rooms
D:3:      minmay_chambers_of_threes, layout_rooms,
          chequers_ecumenical_altar_simple_redux, yredelemnul_altar_generic,
          uniq_sigmund, uniq_grinder
D:4:      layout_loops_ring, okawaru_metal_pillars_1_2, minitemple,
          uniq_menkaure, uniq_crazy_yiuf_cottage
D:5:      layout_loops_ring, kennysheep_mini_moat, kennysheep_mini,
          gammafunk_temple_overflow_elements, portal_sewer_entry_a, first_ration
D:6:      layout_cave_pools, minmay_temple_entry_statues,
          lightli_ossuary_entry_decrepit_ruins, grunt_qazlal_clouds
D:7:      layout_cave_pools, grunt_ogre_cave, serial_bayou_pond_c
D:8:      layout_gridville, kennysheep_another_room, minmay_lizard_king,
          uniq_erica
D:9:      layout_loops_cross, minmay_stone_trees_small
D:10:     layout_basic, hangedman_feature_mirror
D:11:     layout_basic, lair_entry_dummy, david_orc_2, basic_altar,
          serial_shops, shop
D:12:     layout_cave_pods, enter_trove_0, kennysheep_generic_room_3
Temple:   corrupted_temple
Lair:1:   layout_long_grid, nicolae_quartered_pool_little, grunt_megastairs_4,
          uniq_gastronok, uniq_nergalle, uniq_fannar

Skill      XL: |  1  2  3  4  5  6  7  8  9 10 11 12 |
---------------+-------------------------------------+-----
Maces & Flails | 3 4 5 6 8 9 11 12 | 12.6
Shields        | 4 5 6 7 9 11 13 | 13.2
Armour         | 4 5 6 |  6.8
Fighting       | 4 5 6 7 |  7.0
Dodging        | 1 |  1.1
Evocations     | |  0.4

Action                   |  1- 3 |  4- 6 |  7- 9 | 10-12 || total
-------------------------+-------+-------+-------+-------++-------
Melee: Flail             |   134 |       |       |       ||   134
       Mace              |     9 |   218 |   740 |  1084 ||  2051
       Unarmed           |       |       |     1 |       ||     1
Invok: Lunge             |       |       |    28 |    25 ||    53
       Whirlwind         |       |       |    16 |    31 ||    47
 Abil: Evoke Berserk Rag |       |       |     3 |     4 ||     7
  Use: Scroll            |     2 |       |     5 |    10 ||    17
       Potion            |       |     1 |       |     1 ||     2
  Eat: Chunk             |     2 |     4 |    12 |    20 ||    38
       Ration            |       |       |     2 |     2 ||     4
Armor: Scale mail        |    80 |   124 |    73 |       ||   277
       Chain mail        |       |       |   298 |   156 ||   454
       Plate armour      |       |       |       |   211 ||   211
Dodge: Dodged            |    49 |    66 |   130 |    94 ||   339
Block: Shield            |    74 |   122 |   155 |       ||   351
       Large shield      |       |       |   431 |   991 ||  1422
